Cogmind - Beta 15 @@@ ROGUE MODE // 2025.09.02 @ 22:21:14 Player: Mogwok Wargfriend Result: Destroyed by D-53 Grenadier with Mini Grenade Launcher Performance ------------- Evolutions (0) 0 Regions Visited (2) 400 Robots Destroyed (30) 150 Value Destroyed (533) 533 Prototype IDs (0) 0 Alien Tech Used (0) 0 Bonus (0) 0 TOTAL SCORE: 1083 Bonus ------- None Cogmind --------- Core Integrity 0/250 Matter 295/300 Energy 100/100 System Corruption 4% Temperature Cool (30) Movement Walking (120) Location -10/Mines Parts ------- > --- POWER (1) -------- (None) > --- PROPULSION (2) --- Aluminum Leg > --- UTILITY (2) ------ Medium Storage Unit > --- WEAPON (2) ------- (None) > --- INVENTORY (10) --- Aluminum Leg Large Battery (200) High-capacity Matter Pod (200) Light Assault Rifle Grenade Launcher Datajack Mining Laser Peak State ------------ > --- POWER ------------ Ion Engine > --- PROPULSION ------- Aluminum Leg Aluminum Leg > --- UTILITY ---------- Medium Storage Unit Light Armor Plating > --- WEAPON ----------- Assault Rifle Light Assault Rifle > --- INVENTORY -------- Light Ion Engine Aluminum Leg Aluminum Leg Aluminum Leg Small Battery Large Battery High-capacity Matter Pod Light Assault Rifle Datajack Mining Laser [Rating: 8] Favorites ----------- Power Ion Engine Engine Ion Engine Propulsion Aluminum Leg Treads Light Treads Leg Aluminum Leg Utility Small Storage Unit Device Seismic Detector Storage Small Storage Unit Protection Light Armor Plating Weapon Assault Rifle Ballistic Gun Assault Rifle Special Weapon Mining Laser Build | -11 -10 -10 ------- Run | Yrd Mat Min Slots Evolved . | . . . Power . | . . . Propulsion . | . . . Utility . | . . . Weapon . | . . . Parts Attached 20 | 8 9 3 Power 5 | 1 2 2 Engine 5 | 1 2 2 Core . | . . . Reactor . | . . . Propulsion 7 | 3 3 1 Treads 1 | 1 . . Leg 6 | 2 3 1 Wheel . | . . . Hover . | . . . Flight . | . . . Utility 4 | 2 2 . Device 1 | 1 . . Storage 2 | 1 1 . Processor . | . . . Hackware . | . . . Protection 1 | . 1 . Artifact . | . . . Weapon 4 | 2 2 . Energy Gun . | . . . Energy Cannon . | . . . Ballistic Gun 3 | 2 1 . Ballistic Cannon . | . . . Launcher . | . . . Special Weapon 1 | . 1 . Impact Weapon . | . . . Slashing Weapon . | . . . Piercing Weapon . | . . . Special Melee Weapon . | . . . Unidentified Prototypes . | . . . Parts Lost 8 | . . 8 Power 2 | . . 2 Propulsion 3 | . . 3 Utility 1 | . . 1 Weapon 2 | . . 2 Highest Loss Streak 8 | . . 8 To Critical Strikes . | . . . Average Backups 7 | 4 8 9 Power . | . 1 . Propulsion 2 | 1 2 2 Utility 2 | . 2 2 Weapon 1 | 1 2 2 Tool/Special . | . . . Unused Backups 12 | 1 4 7 Power 1 | . 1 . Propulsion 3 | 1 1 1 Utility 5 | . 2 3 Weapon 2 | . . 2 Tool/Special 1 | . . 1 Average Slot Usage (%) 99 | . 100 97 Engine 13 | . 14 13 Leg 27 | . 28 27 Device 4 | . 5 . Storage 14 | . 14 14 Protection 9 | . 8 13 Ballistic Gun 27 | . 27 26 Peak Build Rating 8 | 7 8 8 Average Rating 7 | 5 7 7 On Entrance 5 | . 7 8 Naked Turns . | . . . Heaviest Build 21 | 12 21 21 Greatest Support 20 | 20 20 20 Greatest Overweight (x) 2 | . 2 1 Average Overweight (x) . | . . . Largest Inventory Capacity 10 | 8 10 10 Average Capacity 8 | 7 8 10 Most Carried 10 | 6 10 10 Average Carried 7 | 4 8 9 Final Capacity 10 | 8 10 10 Final Carried 10 | 6 10 7 Class Distribution -------------------- 75% | Mutant 24% | Scavenger-Mutant Dominant Class ---------------- Mutant | -10/Materials Scavenger-Mutant | -10/Mines Resources | -11 -10 -10 ----------- Run | Yrd Mat Min Matter Collected 1435 | 358 1008 69 Remotely . | . . . Salvage Created 1109 | 226 839 44 Parts 54 | 16 30 8 Haulers Intercepted 2 | . 2 . Recyclers Shooed 4 | . 4 . Parts Field Recycled . | . . . Retrieved Matter . | . . . Parts Self-Destructed . | . . . Prevented . | . . . Kills | -11 -10 -10 ------- Run | Yrd Mat Min Combat Hostiles Destroyed 13 | . 10 3 Guns 13 | . 10 3 Classes Destroyed 8 | 3 4 1 Worker 3 | 2 1 . Tunneler 5 | 5 . . Hauler 2 | . 2 . Recycler 4 | 1 3 . Operator 1 | . 1 . Watcher 2 | . 2 . Swarmer 3 | . . 3 Grunt 10 | . 10 . Best Kill Streak 4 | 2 4 3 Combat Bots Only 3 | . 2 3 Max Kills in Single Turn 1 | 1 1 1 Gunslinging . | . . . Exploded . | . . . Melee . | . . . Uniques/NPCs Destroyed . | . . . Combat | -11 -10 -10 -------- Run | Yrd Mat Min Hostile Shots Fired 83 | . 52 31 Missed 21 | . 16 5 Hits 62 | . 36 26 Projectile 62 | . 36 26 AOE 16 | . . 16 Critical Strikes 1 | . 1 . Damage Taken 1203 | . 459 744 Core 258 | . 58 200 Absorbed by Shields . | . . . Core Remaining (%) 100 | 100 . . Volleys Fired 142 | 22 113 7 Largest 2 | 2 2 2 Hottest 120 | 40 120 40 Shots Fired 268 | 44 210 14 Gun 252 | 44 194 14 Cannon . | . . . Launcher . | . . . Special 16 | . 16 . Kinetic 252 | 44 194 14 Thermal 16 | . 16 . Explosive . | . . . Electromagnetic . | . . . Robot Hit Streak 15 | 7 15 8 Robot Miss Streak 6 | 4 6 2 Penetration Max . | . . . Secondary Targets 3 | . 1 2 Max Gunslinging Chain 1 | . 1 1 Shots Hit Robots 160 | 28 125 7 Core Hits 56 | 11 42 3 Critical Kills 1 | . 1 . Critical Parts Destroyed 2 | . 2 . Critical Strikes 3 | . 3 . Destroy 3 | . 3 . Melee Attacks . | . . . Impact . | . . . Slashing . | . . . Piercing . | . . . Sneak Attacks . | . . . Combat Hostiles . | . . . Follow-up Attacks . | . . . Damage Inflicted 1676 | 291 1310 75 Guns 1676 | 291 1310 75 Cannons . | . . . Explosions . | . . . Melee . | . . . Ramming . | . . . Kinetic 1676 | 291 1310 75 Thermal . | . . . Explosive . | . . . Electromagnetic . | . . . Impact . | . . . Slashing . | . . . Piercing . | . . . Highest Corruption 4 | . 4 4 Average Corruption 3 | . 3 4 Corruption Purged . | . . . Corruption Blocked . | . . . Effects 45 | . 34 11 Message Errors 12 | . 8 4 Matter Fused 14 | . 10 4 Heat Flow Errors 6 | . 4 2 Energy Discharges 5 | . 5 . Parts Fused 1 | . 1 . Data Loss (minor) 4 | . 3 1 Data Loss (major) 2 | . 2 . Weapon Failures 1 | . 1 . Overload Shots . | . . . Overflow Damage . | . . . Projectiles . | . . . Explosions . | . . . Melee . | . . . Knockbacks . | . . . Impact . | . . . Kinetic . | . . . Secondary . | . . . Self-Inflicted Damage . | . . . Shots . | . . . Rammed . | . . . Targets Rammed . | . . . Kicked . | . . . Crushed . | . . . Highest Temperature 422 | . 422 251 Average Temperature 75 | . 75 74 Received Heat Transfer 267 | . 267 . Effects 2 | . 2 . Shutdowns 1 | . 1 . Matter Decay 1 | . 1 . Siege Activations . | . . . Martial Activations . | . . . Shielding Activations . | . . . Robots Disrupted . | . . . Combat Hostiles . | . . . Robots Corrupted . | . . . Combat Hostiles . | . . . Parts Fried . | . . . Impact Corruptions . | . . . Robots Melted . | . . . Combat Hostiles . | . . . Parts Melted . | . . . Heat Transferred . | . . . Parts Sabotaged . | . . . Parts Stolen . | . . . Parts Stripped . | . . . Power Chain Reactions . | . . . Alert | -11 -10 -10 ------- Run | Yrd Mat Min Maximum Alert Level . | . . . Low Security (%) 100 | 100 100 100 Level 1 . | . . . Level 2 . | . . . Level 3 . | . . . Level 4 . | . . . Level 5 . | . . . High Security . | . . . Max Security . | . . . Peak Influence 74 | 10 61 74 Initial 4 | . . 4 Average 14 | 1 16 14 Influence Increases 516 | 40 406 70 Destroy 0b10 Robot/C 260 | . 200 60 Destroy 0b10 Robot/NC 85 | 40 45 . Destroy Leader 68 | . 58 10 Successful Hack 49 | . 49 . Disable Machine 15 | . 15 . Destroy Structure 9 | . 9 . Lose Combat Pursuer 30 | . 30 . Influence Decreases 516 | 40 393 83 Entered New Map 9 | . . 9 Time Decay 507 | 40 393 74 Squads Dispatched 2 | . 2 . Investigation . | . . . Extermination . | . . . Reinforcement 2 | . 2 . Assault . | . . . Garrison . | . . . Intercept . | . . . Searches Triggered . | . . . Construction Impeded . | . . . Haulers Reinforced . | . . . Active Scanning Responses . | . . . Cargo Convoy Interrupts . | . . . Stealth | -11 -10 -10 --------- Run | Yrd Mat Min Distress Signals 1 | . 1 . Communications Jammed . | . . . Distress Signals . | . . . Times Spotted 23 | . 18 5 Peak Tracking Total 4 | . 4 3 Tactical Retreats 1 | . 1 . Traps | -11 -10 -10 ------- Run | Yrd Mat Min Traps Triggered 4 | . 4 . Indirectly . | . . . Trap Hack Attempts . | . . . Triggered . | . . . Disarmed . | . . . Reprogrammed . | . . . Reused . | . . . Traps Extracted . | . . . Installed . | . . . Triggered . | . . . Machines | -11 -10 -10 ---------- Run | Yrd Mat Min Machines Disabled 1 | . 1 . Max in Single Turn 1 | . 1 . Machines Repaired . | . . . Machines Dismantled . | . . . Machines Sabotaged . | . . . Overloaded Fab Kills . | . . . Hacking | -11 -10 -10 --------- Run | Yrd Mat Min Machines Accessed 10 | . 10 . Terminals 7 | . 7 . Fabricators . | . . . Repair Stations 1 | . 1 . Recycling Units 2 | . 2 . Scanalyzers . | . . . Garrison Access . | . . . Total Hacks 28 | . 28 . Successful 15 | . 15 . Failed 12 | . 12 . Catastrophic 3 | . 3 . Database Lockouts 1 | . 1 . Manual 19 | . 19 . Terminals 19 | . 19 . Fabricators . | . . . Repair Stations 3 | . 3 . Recycling Units 6 | . 6 . Scanalyzers . | . . . Garrison Access . | . . . Terminal Hacks 6 | . 6 . Record 2 | . 2 . Robot Analysis 1 | . 1 . Locate Traps 2 | . 2 . Hauler Manifests 1 | . 1 . Fabricator Hacks . | . . . Repair Station Hacks 1 | . 1 . Scan Component 1 | . 1 . Recycling Unit Hacks 3 | . 3 . Report Inventory 2 | . 2 . Retrieve Components 1 | . 1 . Scanalyzer . | . . . Garrison Access Hacks . | . . . Unauthorized Hacks 5 | . 5 . Terminals 4 | . 4 . Botnet 4 | . 4 . Fabricators . | . . . Repair Stations . | . . . Recycling Units 1 | . 1 . Reject 1 | . 1 . Scanalyzers . | . . . Garrison Access . | . . . Data Cores Recovered . | . . . Used . | . . . Hacking Detections 10 | . 10 . Full Trace Events . | . . . Feedback Events . | . . . Feedback Blocked . | . . . Robot Schematics Acquired . | . . . Robots Built . | . . . Authchips . | . . . Time . | . . . Total Robot Build Rating . | . . . Part Schematics Acquired . | . . . Parts Built . | . . . Authchips . | . . . Time . | . . . Total Part Build Rating . | . . . Parts Repaired . | . . . Time . | . . . Parts Recycled . | . . . Recycled Matter . | . . . Retrieved Matter . | . . . Retrieved Components 2 | . 2 . Parts Scanalyzed . | . . . Part Schematics Acquired . | . . . Parts Damaged . | . . . Bothacking | -11 -10 -10 ------------ Run | Yrd Mat Min Used RIF Installer . | . . . Robots Hacked . | . . . Non-combat . | . . . Combat . | . . . Robot Hacks Applied . | . . . Relay Couplers Released . | . . . Fabnet Peak Effective % . | . . . Robots Rewired . | . . . Allies Hacked . | . . . Hacks Repelled . | . . . Allies | -11 -10 -10 -------- Run | Yrd Mat Min Total Allies . | . . . Largest Group . | . . . Highest-Rated Group . | . . . Highest-Rated Ally . | . . . Total Orders . | . . . Ally Attacks . | . . . Total Damage . | . . . Kills . | . . . Allies Corrupted . | . . . Allies Melted . | . . . Intel | -11 -10 -10 ------- Run | Yrd Mat Min Active Infowar (turns) 751 | 20 731 . Seismic 751 | 20 731 . Robot Analysis Total 1 | . 1 . Derelict Logs Recovered 1 | . . 1 Drone Launches . | . . . Drone Recoveries . | . . . Exploration | -11 -10 -10 ------------- Run | Yrd Mat Min Turns Passed 2519 | 261 1858 400 Spaces Moved 1446 | 162 1099 185 Core 22 | 22 . . Treads . | . . . Legs 1424 | 140 1099 185 Wheels . | . . . Hover . | . . . Flight . | . . . Fastest Speed 50 | 50 120 120 Average Speed 138 | 110 134 186 Slowest Speed 260 | 120 260 190 Overloaded Moves . | . . . Propulsion Burnouts . | . . . Robots Hopped . | . . . Potential Cave-ins 5 | . 5 . Cave-ins Triggered . | . . . Exploration Rate (%) 48 | 8 100 36 Regions Visited 2 Branch Regions 1 Pre-discovered Areas 1 | . . 1 Known Exits Taken . | . . . Unknown Exits Taken 2 | 1 1 . Scrap Searched 1 | . . 1 Spaces Dug 8 | . 8 . Terrain Destroyed 16 | . 16 . Melee . | . . . Projectile 16 | . 16 . AOE . | . . . Terrain Rammed . | . . . Walls Destroyed . | . . . Machines Disabled . | . . . Actions | -11 -10 -10 --------- Run | Yrd Mat Min Total 1688 | 202 1259 227 Wait 41 | 2 11 28 Move 1444 | 161 1098 185 Hop . | . . . Pick Up 18 | 7 10 1 Fast Attach 8 | 7 1 . Attach 4 | 1 . 3 Detach 1 | 1 . . Swap 14 | . 13 1 Drop 16 | 1 13 2 Fire 142 | 22 113 7 Melee . | . . . Ram . | . . . Kick . | . . . Crush . | . . . Escape Stasis . | . . . Rewire . | . . . Trap . | . . . Miscellaneous . | . . . Route ------- -11/Scrapyard -10/Materials (discovered 5 exits: [*Mat x3] / [*Min] / [*Sub]) -10/Mines (discovered 1 exit: [*Mat]) History --------- Turn | Location | Event 4 | -11/Scrapyard | Discovered new exit (range 16) 262 | -11/Scrapyard | Entered Materials 301 | -10/Materials | Build established: Mutant 414 | -10/Materials | Discovered new exit (range 7) 764 | -10/Materials | Central database locked down 810 | -10/Materials | Discovered new exit (range 15) 949 | -10/Materials | Discovered new exit (range 15) 1128 | -10/Materials | Discovered new exit (range 15) 1464 | -10/Materials | Discovered new exit (range 10) 2120 | -10/Materials | Entered Mines 2152 | -10/Mines | Assembled infested the area 2155 | -10/Mines | Build established: Scavenger-Mutant 2157 | -10/Mines | Assisted by a Guerilla fighting off Assembled 2164 | -10/Mines | Learned location of Storage (-9) 2302 | -10/Mines | YI-UF0 nonchalantly dropped a Grenade Launcher on the ground 2431 | -10/Mines | Found DCF Scrap (11 items) 2508 | -10/Mines | Discovered new exit (range 10) 2513 | -10/Mines | Core integrity fell below 50% 2519 | -10/Mines | Core integrity fell below 20% 2520 | -10/Mines | Destroyed by D-53 Grenadier with Mini Grenade Launcher Last Messages --------------- 02468_ K-01 Serf collects debris. 02478_ System corrupted: Matter fused (-9). 02481_ K-01 Serf collects debris. 02500_ Lgt. Armor Plating destroyed. 02505_ U-05 Engineer lays Concrete. 02506_ U-05 Engineer builds a Wall. 02507_ Aluminum Leg destroyed. 02508_ System corrupted: Heat flow error (+271). 02508_ Assault Rifle destroyed. 02508_ EXIT=FOUND 02509_ R-06 Scavenger collects Flight Unit. 02509_ Ion Engine destroyed. 02512_ Aluminum Leg destroyed. 02512_ K-01 Serf collects debris. 02513_ The unstable cave ceiling collapses. 02515_ K-01 Serf collects debris. 02515_ Lgt. Assault Rifle destroyed. 02518_ K-01 Serf collects debris. 02518_ Aluminum Leg destroyed. 02520_ Ion Engine destroyed. Map ----- +----------------------------------------------------+ | ?????????????????????????????????????????????????? | | ?????????????????????????????????????????????????? | | ?????????????????????????????????????????????????? | | ?????????????????????????????????????????????????? | | ???????????????? ??????????????????????????? | | ??????????????? #?????????????????????????? | | ???????????????# ?????????????????????????? | | ???????????????# ##????????????????????????? | | ???????????????# % ##???????????????????????? | | ???????????????# # ??????#?????????????????? | | ??????????????? # ????? ??????????????????? | | ???????????????# ## ????? ??????????????????? | | ???????????????# ## r ##???